 Dungeon Sprint DCSS version 0.22-a0-136-g83a10e5898 (webtiles) character file.

14 Denreik the Skirmisher (level 2, -1/28 HPs)
             Began as a Formicid Fighter on Feb 3, 2018.
             Slain by a centaur (8 damage)
             ... in the Dungeon (Sprint IX: "|||||||||||||||||||||||||||||").
             The game lasted 00:00:54 (102 turns).

Denreik the Skirmisher (Formicid Fighter)            Turns: 102, Time: 00:00:55

Health: -1/28      AC:  6    Str: 20    XL:     2   Next: 60%
Magic:  2/2        EV:  7    Int:  7    God:
Gold:   0          SH:  9    Dex: 10    Spells: 1/1 levels left

rFire    . . .     SeeInvis +   a - +0 quarterstaff
rCold    . . .     Gourm    .   c - +0 shield
rNeg     . . .     Faith    .   b - +0 scale mail
rPois    .         Spirit   .   (helmet unavailable)
rElec    .         Reflect  .   (no cloak)
rCorr    .         Harm     .   (no gloves)
MR       .....                  (no boots)
Stlth    ..........             (no amulet)
HPRegen  0.09/turn              (no ring)
MPRegen  0.08/turn              (no ring)

@: no status effects
A: permanent stasis, dig shafts and tunnels, four strong arms, antennae 3
a: Dig


You were in the Dungeon.
You were not hungry.

You visited 1 branch

Inventory:

Hand Weapons
 a - a +0 quarterstaff (weapon)
Armour
 b - a +0 scale mail (worn)
 c - a +0 shield (worn)
Scrolls
 k - a scroll of blinking
Potions
 d - a potion of might
 e - a potion of curing
 g - a potion of heal wounds
 h - a potion of haste
 i - 2 potions of magic
 j - a potion of berserk rage
Comestibles
 f - a ration
 l - 10 chunks of flesh


   Skills:
 * Level 5.7 Fighting
 + Level 3.0 Staves
 - Level 3.2 Armour
 - Level 3.6 Shields


You had one spell level left.
You didn't know any spells.

Dungeon Overview and Level Annotations

Branches:
Dungeon (1/1)

Altars:


Innate Abilities, Weirdness & Mutations

You cannot be hasted, slowed, berserked, paralysed or teleported.
You can dig through walls and to a lower floor.
Your four strong arms can wield two-handed weapons with a shield.
You have a pair of large antennae on your head. (SInv)


Message History

You hit the centaur but do no damage.
The centaur is heavily wounded.
The centaur barely misses you. You block the centaur's attack.
Your shield and scale mail prevent you from hitting the centaur.
The centaur is heavily wounded.
You block the centaur's attack. The centaur closely misses you.
You hit the centaur.
The centaur is heavily wounded.
The centaur hits you.
* * * LOW HITPOINT WARNING * * *
The centaur hits you but does no damage.
You hit the centaur but do no damage.
The centaur is heavily wounded.
The centaur hits you.
* * * LOW HITPOINT WARNING * * *
You hit the centaur.
The centaur is heavily wounded.
The centaur hits you but does no damage.
The centaur hits you!
You die... {{ { ▓▓▓▓▓▓▓▓▓▓▓▓▓▓▓▓▓▓ +....ac@....)...<▓ ▓▓▓▓▓▓▓▓▓▓▓▓▓▓▓▓▓▓

You could see a centaur and a worker ant.

Vanquished Creatures
  An adder skeleton (D)
  A leopard gecko (D)
  An orc (D)
  A ball python (D)
  A giant cockroach (D)
  A hobgoblin (D)
  A jackal (D)
  A kobold (D)
8 creatures vanquished.

Vanquished Creatures (others)
  A spatial maelstrom (D)
1 creature vanquished.

Grand Total: 9 creatures vanquished

Notes
Turn   | Place    | Note
-------+----------+-------------------------------------------
     0 | D        | Denreik the Formicid Fighter began the quest for the Orb.
     0 | D        | Reached XP level 1. HP: 18/18 MP: 1/1
     4 | D        | Banished a spatial maelstrom
     6 | D        | Reached skill level 4 in Fighting
    14 | D        | Reached XP level 2. HP: 24/26 MP: 2/2
    24 | D        | Reached skill level 5 in Fighting
    78 | D        | Noticed a centaur
   102 | D        | Slain by a centaur

Vault maps used:
D:        linesprint

Skill      XL: |  1  2 |
---------------+-------+-----
Fighting       | 4 5 |  5.7
Staves         | 3 |  3.0
Armour         | |  3.2
Shields        | |  3.6

Action                   || total
-------------------------++-------
Melee: Quarterstaff      ||    45
Armor: Scale mail        ||    16
Dodge: Dodged            ||    12
Block: Shield            ||    18

Table legend:
 A = Spawn XP
 B = Non-spawn XP
 C = Spawn XP percentage of total XP
 D = Spawn monster count
 E = Non-spawn monster count
 F = Spawn count percentage of total count
 G = Total turns spent on level
                    A         B        C        D         E        F      G
               +---------+---------+-------+---------+---------+-------+---------
         Total |       0 |      21 |   0.0 |       0 |       8 |   0.0 |   102
               +---------+---------+-------+---------+---------+-------+---------
             D |       0 |      21 |   0.0 |       0 |       8 |   0.0 |   102
               +---------+---------+-------+---------+---------+-------+---------
